[ AOE2 MATCH · #507246727 ]
UnrankedPersians vs Spanish
Player's team · WIN
Rival team · LOSS
[ REPLAY ANALYSIS · EXTRACTED FROM THE RECORDED GAME ]
Feudal
—
Castle
—
Imperial
—
| APM avg | 89.0 |
| APM peak | 112 |
| eAPM avg | 35.6 |
| Villagers / military | 32 / 3 |
Focus
⚔️ 57.4% · 🌾 42.6%
Militia ×3
Feudal
—
Castle
—
Imperial
—
| APM avg | 36.8 |
| APM peak | 52 |
| eAPM avg | 16.3 |
| Villagers / military | 22 / 0 |
Focus
⚔️ 39.6% · 🌾 60.4%
Match map
Initial resources + every placement click. Lines = walls · curves = elevation contours. ◆ gold · ⬟ stone · ● berries · ✦ relic · ◌ wall gap
Your base
UpsideDownCumbrian's base
Smoothed initial terrain · ◌ = detected wall gap · hover for details
Inputs per minute
— Learning - - UpsideDownCumbrian
Build order — Learning
56 actions detected in the replay
| 0:00 | Queue | Villager (Male) ×5 |
| 0:02 | Build | House |
| 0:03 | Build | House |
| 1:24 | Queue | Villager (Male) |
| 1:49 | Build | Lumber Camp |
| 2:04 | Queue | Villager (Male) |
| 2:17 | Queue | Villager (Male) |
| 2:17 | Queue | Villager (Male) |
| 3:00 | Queue | Villager (Male) |
| 3:00 | Queue | Villager (Male) |
| 3:20 | Build | House |
| 3:32 | Queue | Villager (Male) |
| 3:55 | Queue | Villager (Male) |
| 3:55 | Queue | Villager (Male) |
| 4:10 | Build | Barracks |
| 4:39 | Queue | Villager (Male) |
| 4:39 | Queue | Villager (Male) |
| 4:55 | Build | House |
| 4:56 | Build | Palisade Wall |
| 4:59 | Queue | Villager (Male) |
| 5:00 | Queue | Villager (Male) |
| 5:00 | Queue | Villager (Male) |
| 5:05 | Queue | Militia |
| 5:05 | Queue | Militia |
| 5:17 | Queue | Militia |
| 5:33 | Queue | Villager (Male) |
| 5:33 | Queue | Villager (Male) |
| 5:33 | Queue | Villager (Male) |
| 5:54 | Build | Palisade Wall |
| 6:18 | Queue | Villager (Male) |
| 6:18 | Queue | Villager (Male) |
| 6:24 | Queue | Villager (Male) |
| 6:37 | Build | House |
| 6:51 | Queue | Villager (Male) |
| 6:55 | Build | House |
| 7:00 | Queue | Villager (Male) |
| 7:10 | Build | Palisade Wall |
| 7:43 | Queue | Villager (Male) |
| 8:00 | Queue | Villager (Male) |
| 8:07 | Build | Mill |
| 8:28 | Queue | Villager (Male) |
| 8:41 | Queue | Villager (Male) |
| 9:05 | Queue | Villager (Male) |
| 9:12 | Build | House |
| 9:13 | Build | Palisade Wall |
| 9:13 | Build | Palisade Wall |
| 9:24 | Research | Loom |
| 9:35 | Research | Feudal Age |
| 9:35 | Research | Feudal Age |
| 9:54 | Build | Farm |
| 9:54 | Build | Farm |
| 9:54 | Build | Farm |
| 9:55 | Build | Farm |
| 9:55 | Build | Farm |
| 9:55 | Build | Farm |
| 9:55 | Build | Farm |
Build order — UpsideDownCumbrian
50 actions detected in the replay
| 0:00 | Queue | Villager (Male) |
| 0:01 | Queue | Villager (Male) |
| 0:02 | Build | House |
| 0:03 | Build | House |
| 0:15 | Queue | Villager (Male) |
| 0:20 | Queue | Villager (Male) |
| 1:25 | Queue | Villager (Male) |
| 1:25 | Queue | Villager (Male) |
| 1:48 | Build | Lumber Camp |
| 1:58 | Queue | Villager (Male) |
| 2:21 | Queue | Villager (Male) |
| 2:51 | Queue | Villager (Male) |
| 3:05 | Queue | Villager (Male) |
| 3:43 | Queue | Villager (Male) |
| 3:53 | Queue | Villager (Male) |
| 4:12 | Build | House |
| 4:13 | Build | House |
| 4:37 | Queue | Villager (Male) |
| 4:42 | Build | Mill |
| 4:45 | Queue | Villager (Male) |
| 4:53 | Queue | Villager (Male) |
| 5:50 | Queue | Villager (Male) |
| 6:10 | Queue | Villager (Male) |
| 6:45 | Queue | Villager (Male) |
| 6:59 | Queue | Villager (Male) |
| 7:37 | Queue | Villager (Male) |
| 7:55 | Research | Feudal Age |
| 7:55 | Research | Feudal Age |
| 8:00 | Research | Loom |
| 8:01 | Research | Feudal Age |
| 8:09 | Build | House |
| 8:12 | Build | House |
| 8:18 | Build | House |
| 8:21 | Build | Palisade Wall |
| 8:44 | Build | Farm |
| 8:47 | Build | Farm |
| 8:49 | Build | Farm |
| 8:52 | Queue | Villager (Male) |
| 8:52 | Queue | Villager (Male) |
| 9:04 | Build | Barracks |
| 9:20 | Build | Farm |
| 9:29 | Build | House |
| 9:31 | Build | Palisade Wall |
| 9:33 | Build | Palisade Wall |
| 9:40 | Build | House |
| 9:42 | Build | Palisade Wall |
| 9:44 | Build | Palisade Wall |
| 9:46 | Build | Palisade Wall |
| 9:49 | Build | Palisade Wall |
| 9:50 | Build | Palisade Wall |
Match timeline
| 4:10 | Learning · first_building Barracks |
| 4:56 | Learning · wall_segment Palisade Wall x2 |
| 5:54 | Learning · wall_segment Palisade Wall x11 |
| 7:10 | Learning · wall_segment Palisade Wall x1 |
| 8:21 | UpsideDownCumbrian · wall_segment Palisade Wall x1 |
| 9:04 | UpsideDownCumbrian · first_building Barracks |
| 9:13 | Learning · wall_segment Palisade Wall x1 |
| 9:13 | Learning · wall_segment Palisade Wall x1 |
| 9:31 | UpsideDownCumbrian · wall_segment Palisade Wall x1 |
| 9:33 | UpsideDownCumbrian · wall_segment Palisade Wall x1 |
| 9:42 | UpsideDownCumbrian · wall_segment Palisade Wall x1 |
| 9:44 | UpsideDownCumbrian · wall_segment Palisade Wall x1 |
| 9:46 | UpsideDownCumbrian · wall_segment Palisade Wall x1 |
| 9:49 | UpsideDownCumbrian · wall_segment Palisade Wall x1 |
| 9:50 | UpsideDownCumbrian · wall_segment Palisade Wall x1 |
| 10:02 | UpsideDownCumbrian · resign |
[ AI ANALYSIS · 1 CREDIT ]
What really happened in this match?
Wolo.gg analyzes every decision: build order, eco, micro, common mistakes by bracket. Personalized analysis on WhatsApp or Discord in 30 seconds.
Civ guide
Persians
Perfil
Mr_PrIMeZ